 Dungeon Crawl Stone Soup version 0.17-a0-2115-g0d8b93e (webtiles) character file.

518 Maka the Slasher (level 7, -7/45 HPs)
             Began as a Halfling Fighter on Oct 20, 2015.
             Was an Initiate of Okawaru.
             Mangled by a phantom (8 damage)
             ... on level 4 of the Dungeon.
             The game lasted 00:07:41 (3507 turns).

Maka the Slasher (Halfling Fighter)                 Turns: 3507, Time: 00:07:41

Health: -7/45      AC: 10    Str: 16      XL:     7   Next: 45%
Magic:  7/7        EV:  8    Int:  6 (7)  God:    Okawaru [......]
Gold:   124        SH:  9    Dex: 16      Spells: 0 memorised, 6 levels left

rFire  . . .     SeeInvis +     a - +0 long sword
rCold  . . .     Clarity  +     b - +0 scale mail
rNeg   . . .     SustAt   .     c - +0 shield
rPois  .         Gourm    .     (no helmet)
rElec  .         Spirit   .     k - +0 cloak
rCorr  .         Warding  .     (no gloves)
rMut   .         Stasis   .     u - +1 pair of boots {run}
MR     .....                    w - amulet of clarity
Stlth  ..........               (no ring)
                                x - ring of see invisible

@: lethally poisoned (-7 -> -8), quick, not resistant to hostile enchantments,
extremely unstealthy
A: mutation resistance 1
a: Renounce Religion


You were on level 4 of the Dungeon.
You worshipped Okawaru.
Okawaru was noncommittal.
You were hungry.

You visited 2 branches of the dungeon, and saw 5 of its levels.

You collected 124 gold pieces.

Inventory:

Hand Weapons
 a - a +0 long sword (weapon)
Armour
 b - a +0 scale mail (worn)
 c - a +0 shield (worn)
 k - a +0 cloak (worn)
 u - a +1 pair of boots of running (worn)
Jewellery
 w - an amulet of clarity (around neck)
 x - a ring of see invisible (left hand)
Scrolls
 f - 3 scrolls of magic mapping {unknown}
 g - 2 scrolls of enchant armour {unknown}
 h - 2 scrolls of enchant weapon {unknown}
 j - 2 scrolls of identify {unknown}
 l - 2 scrolls of remove curse {unknown}
 n - a scroll of noise {unknown}
 o - 2 scrolls of teleportation {unknown}
 t - a scroll of fog {unknown}
 y - a scroll of fear {unknown}
 C - a scroll of recharging {unknown}
Potions
 d - 5 potions of might
 m - a potion of cancellation
 p - a potion of degeneration
 q - 2 potions of curing {unknown}
 r - a potion of brilliance {unknown}
 s - 2 potions of heal wounds {unknown}
 v - a potion of lignification {unknown}
 z - 2 potions of invisibility {unknown}
 A - a potion of flight {unknown}
 B - a potion of ambrosia {unknown}
Comestibles
 e - 6 bread rations
 i - 2 beef jerkies
 D - a chunk of flesh


   Skills:
 - Level 2.6 Fighting
 + Level 7.2 Long Blades
 - Level 4.3 Armour
 - Level 3.2 Shields


You had 6 spell levels left.
You didn't know any spells.

Dungeon Overview and Level Annotations

Branches:
Dungeon (4/15)             Temple (1/1) D:4

Altars:
Ashenzari
Dithmenos
Elyvilon
Gozag
Kikubaaqudgha
Makhleb
Nemelex Xobeh
Okawaru
Qazlal
Trog
Vehumet
Yredelemnul
Zin
The Shining One


Innate Abilities, Weirdness & Mutations

You are small and have problems with some larger weapons.
You are somewhat resistant to further mutation.


Message History

The phantom is lightly damaged.
The phantom barely misses you.
You hit the phantom but do no damage.
The phantom is lightly damaged.
You feel sick. You block the phantom's attack.
You slash the phantom!
The phantom is heavily damaged.
The phantom hits you!
* * * LOW HITPOINT WARNING * * *
You block the phantom's attack.
Drink which item? (? for menu, Esc to quit)
It was a potion of cancellation.
You feel magically purged. You block the phantom's attack.
Drink which item? (? for menu, Esc to quit)
It was a potion of degeneration.
There was something very wrong with that liquid.
You feel dopey.
* * * LOW HITPOINT WARNING * * *
You feel sick. The phantom hits you!
You die...

#.#.......##.#
########......†.....#
#........####.......'
#........####.##.####
#..................#.
#.........##.......†#
#.........##...#.##.#
#.........##...#.##.#
##...@W....##.........
#.............#.#..#.#
#..#............#..#.#
#.............#.......
#..#..[...............
#..$?....####......#..
##.##....#......##.#..
#.......####.#..#....
# ......# #.#..###..


You could see a phantom.

Vanquished Creatures
  A big kobold (D:4)
  Blork the orc (D:4)
  A scorpion (D:4)
  2 hounds (D:4)
  An iguana (D:4)
  A centaur skeleton (D:4)
  3 worker ants (D:4)
  3 adders
  An ooze (D:2)
  A worm (D:4)
  4 giant geckos
  3 orcs
  8 giant cockroaches
  5 hobgoblins
  27 kobolds
  4 quokkas
  5 bats
  6 giant newts
  9 goblins
  2 jackals (D:2)
  5 rats
93 creatures vanquished.

Notes
Turn   | Place    | Note
--------------------------------------------------------------
     0 | D:1      | Maka the Halfling Fighter began the quest for the Orb.
     0 | D:1      | Reached XP level 1. HP: 15/15 MP: 1/1
    90 | D:1      | Reached XP level 2. HP: 20/20 MP: 2/2
   403 | D:1      | Reached XP level 3. HP: 25/25 MP: 3/3
   876 | D:2      | Reached XP level 4. HP: 26/30 MP: 4/4
   891 | D:2      | Reached skill level 4 in Long Blades
   997 | D:2      | Found a burning altar of Makhleb.
  1311 | D:3      | Found a shadowy altar of Dithmenos.
  1412 | D:3      | Identified a +1 pair of boots of running (You found it on level 3 of the Dungeon)
  1473 | D:3      | Found a shattered altar of Ashenzari.
  1474 | D:3      | Found a sparkling altar of Nemelex Xobeh.
  1474 | D:3      | Found an opulent altar of Gozag.
  1768 | D:3      | Found an ancient bone altar of Kikubaaqudgha.
  1768 | D:3      | Found a bloodstained altar of Trog.
  1783 | D:3      | Found a white marble altar of Elyvilon.
  1854 | D:3      | Found a stormy altar of Qazlal.
  2241 | D:4      | Reached skill level 5 in Long Blades
  2241 | D:4      | Reached XP level 5. HP: 21/35 MP: 5/5
  2483 | D:4      | Reached XP level 6. HP: 12/41 MP: 6/6
  2846 | D:4      | Noticed a big kobold
  2861 | D:4      | Killed a big kobold
  2861 | D:4      | Reached skill level 6 in Long Blades
  3019 | D:4      | Reached XP level 7. HP: 40/45 MP: 7/7
  3088 | D:4      | Found a basalt altar of Yredelemnul.
  3144 | D:4      | Found a staircase to the Ecumenical Temple.
  3153 | Temple   | Entered the Ecumenical Temple
  3257 | Temple   | Became a worshipper of Warmaster Okawaru
  3289 | D:4      | Noticed Blork the orc
  3309 | D:4      | Killed Blork the orc
  3309 | D:4      | Reached skill level 7 in Long Blades
  3352 | D:4      | Found a glowing golden altar of the Shining One.
  3505 | D:4      | HP: 2/45 [phantom (8)]
  3507 | D:4      | Mangled by a phantom

Vault maps used:
D:1:      scummos_arrival_hexagon
D:2:      nicolae_overflow_crystal_walls
D:3:      old_standard_altar, gammafunk_temple_overflow_wave,
          nicolae_qazlal_eye_of_the_storm, gammafunk_temple_overflow_forgotten,
          serial_bayou_pond_d, hangedman_decor_points,
          nicolae_dithmenos_shadow_blocks
D:4:      kennysheep_kobold_camp, overflow_temple_1_default,
          yredelemnul_altar_generic, minmay_temple_entry_trees,
          uniq_blork_the_orc
Temple:   hc_temple_tempest_star

Action                   |  1- 3 |  4- 6 |  7- 9 || total
-------------------------+-------+-------+-------++-------
Melee: Long sword        |   110 |   211 |    60 ||   381
  Use: Potion            |       |       |     2 ||     2
  Eat: Chunk             |       |     7 |     1 ||     8
